 Dungeon Crawl Stone Soup version 0.31-a0-188-g5e087ee2ca (webtiles) character file.

Game seed: 6128888715360239387

23 qw the Shooter (level 2, -1/16 HPs)
             Began as a Deep Elf Hunter on June 22, 2023.
             Slain by a goblin
             ... wielding a +0 club
             ... led by Robin
              (2 damage)
             ... on level 2 of the Dungeon.
             The game lasted 00:00:12 (631 turns).

qw the Shooter (Deep Elf Hunter)                     Turns: 631, Time: 00:00:13

Health: -1/16      AC:  3    Str:  8    XL:     2   Next: 72%
Magic:  4/4        EV: 12    Int: 13    God:
Gold:   32         SH:  0    Dex: 18    Spells: 1/1 levels left

rFire   . . .        Y - +0 shortbow
rCold   . . .        (shield currently unavailable)
rNeg    . . .        c - +0 leather armour
rPois   .            (no helmet)
rElec   .            (no cloak)
rCorr   .            (no gloves)
SInv    .            (no boots)
Will    .....        (no amulet)
Stlth   ++           (no ring)
HPRegen 0.22/turn    (no ring)
MPRegen 0.09/turn

%: no passive effects
@: no status effects
A: no striking features
a: no special abilities


You were on level 2 of the Dungeon.
You visited 1 branch of the dungeon, and saw 2 of its levels.

You collected 32 gold pieces.


   Skills:
 - Level 1.5 Fighting
 + Level 6.4 Ranged Weapons
 - Level 2.4 Dodging
 - Level 1.2 Stealth


You had one spell level left.
You didn't know any spells.
Your spell library was empty.

Inventory:

Hand Weapons
 Y - a +0 shortbow (weapon)
Armour
 c - a +0 leather armour (worn)
Potions
 f - a potion of haste {unknown}

Dungeon Overview and Level Annotations

Branches:
Dungeon (2/15)

Altars:

Annotations:
D:2 Robin, Terence


Message History

The ball python closely misses you. The ball python grabs you.
The ball python constricts you.
A hobgoblin comes into view.
The ball python bites you. The ball python constricts you.
You shoot an arrow. The hobgoblin shouts!
The arrow hits the ball python.
You kill the ball python!
A goblin comes into view. It is wielding a +0 dagger.
The goblin unwields a +0 club.
The goblin wields a +0 sling.
The goblin shoots a sling bullet.
The sling bullet misses you.
623 ||| Stepping ~*~*~tactically~*~*~ (outnumbered).
You start resting.
There are monsters nearby!
You shoot an arrow.
The arrow hits the goblin but does no damage.
You shoot an arrow. The arrow misses the goblin.
Robin throws the goblin at you!
The goblin hits you with a +0 dagger. x2
You shoot an arrow. The arrow closely misses the goblin.
The arrow hits the hobgoblin!
You kill the hobgoblin!
The goblin hits you with a +0 dagger. x2; Robin throws the goblin at you!
You shoot an arrow. The arrow hits the goblin.
The goblin is severely wounded.
The goblin misses you. The goblin barely misses you.
The goblin hits you with a +0 dagger.
You shoot an arrow. The arrow hits the goblin.
You kill the goblin!
The goblin barely misses you. x2; The goblin unwields a +0 sling.
The goblin wields a +0 club.
The goblin hits you with a +0 club.
You shoot an arrow. The arrow closely misses the goblin.
The goblin hits you with a +0 dagger. x2
Terence the Incautious comes into view.
He is wielding a +0 flail.
The goblin hits you but does no damage.
You shoot an arrow. The arrow hits the goblin.
The goblin is moderately wounded.
The goblin barely misses you. The goblin hits you but does no damage.
A goblin comes into view. It is wielding a +0 dagger.
The goblin hits you with a +0 club.
You die...

####.#
########....#
.......'....#
########...## #...#
#...# #...# #[g.#
...####@###########
......ggg..........
.#.#.##w###########
# ..@. #.(..g.
........)
####......g
#.....ggg
.........g


You could see Terence, a worm, Robin and 5 goblins.

Vanquished Creatures
  A dart slug (D:1)
  2 ball pythons
  An endoplasm (D:1)
  A giant cockroach (D:1)
  2 goblins (D:2)
  2 hobgoblins
  2 quokkas (D:1)
  3 bats (D:1)
  2 frilled lizards (D:1)
  2 rats (D:1)
18 creatures vanquished.

Notes
Turn   | Place    | Note
-------+----------+-------------------------------------------
     0 | D:1      | qw the Deep Elf Hunter began the quest for the Orb.
     0 | D:1      | Reached XP level 1. HP: 12/12 MP: 3/3
     0 | D:1      | 0 ||| qw: Version: 0.3-a-9-g12657ce
     0 | D:1      | 0 ||| qw: Game counter: 2829
     0 | D:1      | 0 ||| qw: Always use a shield: true
     0 | D:1      | 0 ||| qw: God list: Okawaru
     0 | D:1      | 0 ||| qw: Allow faded altars: false
     0 | D:1      | 0 ||| qw: Do Orc after D:15 true
     0 | D:1      | 0 ||| qw: Do second Lair branch before Depths: true
     0 | D:1      | 0 ||| qw: Lair rune preference: random
     0 | D:1      | 0 ||| qw: Plans: Normal
     0 | D:1      | 0 ||| PLANNING D:1-11
   273 | D:1      | Reached XP level 2. HP: 16/16 MP: 4/4
   277 | D:1      | Reached skill level 6 in Ranged Weapons
   571 | D:1      | 571 ||| READING scroll labelled ECZACSAE XOAHYEDI.
   572 | D:1      | 572 ||| READING scroll labelled XOASCH OGREHAUT.
   573 | D:1      | 573 ||| DROPPING scroll of butterflies.
   620 | D:2      | Noticed Robin
   623 | D:2      | 623 ||| Stepping ~*~*~tactically~*~*~ (outnumbered).
   628 | D:2      | HP: 3/16 [goblin/+0 dagger[Robin] (2)]
   630 | D:2      | HP: 1/16 [goblin/+0 dagger[Robin] (1)]
   630 | D:2      | Noticed Terence
   631 | D:2      | Slain by a goblin

Levels and vault maps discovered:
D:1:      dpeg_arrival_tiny_a, layout_loops_ring,
          corexii_item_surrounded_by_moat
D:2:      layout_basic, chequers_serial_rivers_micro_b, uniq_robin, uniq_terence

Skill      XL: |  1  2 |
---------------+-------+-----
Ranged Weapons | 6 |  6.4
Fighting       | |  1.5
Dodging        | |  2.4
Stealth        | |  1.2

Action                     || total
---------------------------++-------
   Fire: Shortbow          ||    43
    Use: Scroll            ||     2
 Armour: Leather armour    ||     4
  Dodge: Dodged            ||    15

Table legend:
 A = Non-vault XP
 B = Vault XP
 C = Vault XP percentage of total XP
 D = Non-vault monster count
 E = Vault monster count
 F = Vault count percentage of total count
                 A         B        C        D         E       F
            +---------+---------+-------+---------+---------+-------
      Total |      27 |       6 |  18.2 |      15 |       3 |  16.7
            +---------+---------+-------+---------+---------+-------
        D:1 |      25 |       0 |   0.0 |      14 |       0 |   0.0
        D:2 |       2 |       6 |  75.0 |       1 |       3 |  75.0
            +---------+---------+-------+---------+---------+-------
